 Dungeon Crawl Stone Soup version 0.16.1-2-g95b8d4c (webtiles) character file.

289 Galdon the Charlatan (level 5, 0/42 HPs)
             Began as a Demigod Artificer on Mar 26, 2015.
             Slain by an adder (4 damage)
             ... on level 4 of the Dungeon.
             The game lasted 00:22:15 (3525 turns).

Galdon the Charlatan (Demigod Artificer)            Turns: 3525, Time: 00:22:15

Health: 0/42       AC:  4    Str: 16    XL:     5   Next: 82%
Magic:  11/11      EV: 13    Int: 18    God:
Gold:   66         SH:  0    Dex: 16    Spells: 0 memorised, 4 levels left

rFire  . . .     SeeInvis .     a - +0 short sword
rCold  + + .     Clarity  .     e - +0 leather armour
rNeg   . . .     SustAb   +     (no shield)
rPois  .         Gourm    +     (no helmet)
rElec  .         Spirit   .     t - +0 cloak
rCorr  .         Warding  .     (no gloves)
rMut   .         Stasis   .     (no boots)
MR     .....                    v - amulet of the gourmand
Stlth  +++.......               (no ring)
                                y - ring of stealth

@: lethally poisoned (0 -> -25), not resistant to hostile enchantments, fairly
stealthy
A: clever 1, cold resistance 2, sustain abilities
a: no special abilities


You were on level 4 of the Dungeon.
You were completely stuffed.

You visited 1 branch of the dungeon, and saw 4 of its levels.
You also visited: Sewer.

You collected 110 gold pieces.
You spent 44 gold pieces at shops.

Inventory:

Hand weapons
 a - a +0 short sword (weapon)
 b - a +0 hunting sling
Missiles
 p - 64 sling bullets
 q - 59 stones (quivered)
Armour
 e - a +0 leather armour (worn)
 t - a +0 cloak (worn)
Jewellery
 i - an uncursed amulet of resist mutation
 v - an amulet of the gourmand (around neck)
 y - a ring of stealth (left hand)
Magical devices
 c - a wand of enslavement (14)
 d - a wand of random effects (13)
 C - a wand of flame (15)
Scrolls
 h - 2 scrolls of recharging
 k - 5 scrolls of remove curse
 x - a scroll of noise {unknown}
 B - 4 scrolls of identify
 F - a scroll of enchant armour {unknown}
 G - a scroll of fear {unknown}
 J - a scroll of blinking {unknown}
Potions
 m - 2 potions of flight
 A - a potion of brilliance
Comestibles
 f - 3 bread rations
 j - 4 slices of pizza
 o - a beef jerky
 w - a royal jelly
 K - 2 chunks of flesh


   Skills:
 * Level 2.4 Fighting
 * Level 1.6 Short Blades
 + Level 0.1 Slings
 + Level 1.6 Armour
 + Level 2.9 Dodging
 * Level 3.0 Stealth
 + Level 3.7 Evocations


You had 4 spell levels left.
You didn't know any spells.

Dungeon Overview and Level Annotations

Branches:
Dungeon (4/15)
 Temple: D:4-7

Shops:
D:4 ?(


Innate Abilities, Weirdness & Mutations

Your attributes are resistant to harm.
Your mind is acute. (Int +2)
Your flesh is very cold resistant.


Message History

It was a potion of restore abilities.
You feel refreshed.
You feel sick. The adder bites you.
* * * LOW HITPOINT WARNING * * *
The adder bites you.
* * * LOW HITPOINT WARNING * * *
Drink which item? (? for menu, Esc to quit)
It was a potion of magic.
Magic courses through your body.
* * * LOW HITPOINT WARNING * * *
You feel sick. The adder closely misses you.
Drink which item? (? for menu, Esc to quit)
It was a potion of mutation.
You feel extremely strange.
You feel resistant to cold.
You feel more resistant to cold.
You feel clever.
* * * LOW HITPOINT WARNING * * *
You feel sick. The adder bites you but does no damage.
Drink which item? (? for menu, Esc to quit)
It was a potion of poison.
That liquid tasted very nasty...
You are more poisoned.
* * * LOW HITPOINT WARNING * * *
You feel sick. The adder completely misses you. The adder bites you.
You die...

#### #...##...# ###
#..........##..
...............
########............##.
#.....@Sg......<....##.
#..######..$........#..
##.# ...#. #...# #.#
###.. #...# #.#
#..##.... #.# #.....##
#.# ####..## #.#
#....## #.### ##.##.##


You could see an adder and a hobgoblin.

Vanquished Creatures
  Purgy (Sewer)
  Crazy Yiuf (D:2)
  An orc priest (D:3)
  A worker ant (D:4)
  3 adders
  A worm (D:2)
  A giant gecko (D:3)
  An ooze (D:2)
  4 orcs (D:3)
  8 giant cockroaches
  5 goblins
  10 hobgoblins
  3 jackals (D:4)
  7 kobolds
  2 quokkas (D:4)
  8 bats
  2 giant newts
  8 rats
67 creatures vanquished.

Vanquished Creatures (collateral kills)
  An orc (D:3)
1 creature vanquished.

Grand Total: 68 creatures vanquished

Notes
Turn   | Place    | Note
--------------------------------------------------------------
     0 | D:1      | Galdon, the Demigod Artificer, began the quest for the Orb.
     0 | D:1      | Reached XP level 1. HP: 15/15 MP: 2/2
    35 | D:1      | Reached skill level 1 in Stealth
    39 | D:1      | Reached skill level 1 in Fighting
   349 | D:1      | Reached skill level 3 in Evocations
   698 | D:1      | Reached XP level 2. HP: 17/23 MP: 4/4
   825 | D:2      | Reached skill level 1 in Short Blades
  1037 | D:2      | Reached XP level 3. HP: 17/28 MP: 6/6
  1153 | D:2      | Noticed Crazy Yiuf
  1158 | D:2      | Killed Crazy Yiuf
  1835 | D:3      | Reached skill level 1 in Armour
  1835 | D:3      | Reached XP level 4. HP: 13/36 MP: 9/9
  2870 | D:4      | Found Qugolarojo's Weapon Boutique.
  2886 | D:4      | Bought a +0 hunting sling for 18 gold pieces
  2899 | D:4      | Found Twos' Magic Scroll Emporium.
  2924 | D:4      | Bought a scroll of identify for 26 gold pieces
  2979 | D:4      | Reached XP level 5. HP: 27/41 MP: 11/11
  3004 | D:4      | Found a glowing drain.
  3095 | Sewer    | Entered a sewer
  3159 | Sewer    | Noticed Purgy
  3171 | Sewer    | Killed Purgy
  3524 | D:4      | Gained mutation: Your flesh is cold resistant. [potion of mutation]
  3524 | D:4      | Gained mutation: Your flesh is very cold resistant. [potion of mutation]
  3524 | D:4      | Gained mutation: Your mind is acute. (Int +2) [potion of mutation]
  3525 | D:4      | Slain by an adder

Action                   |  1- 3 |  4- 6 || total
-------------------------+-------+-------++-------
Melee: Short sword       |   113 |   133 ||   246
 Fire: Hunting sling     |       |     2 ||     2
Throw: Stone             |    23 |    19 ||    42
Evoke: Wand              |     9 |    10 ||    19
  Use: Potion            |     3 |     5 ||     8
       Scroll            |     2 |     1 ||     3
 Stab: Sleeping          |     3 |    13 ||    16
       Distracted        |       |     1 ||     1
  Eat: Chunk             |     3 |    14 ||    17
